 Seeded DCSS version 0.28-a0-823-gb444dcf96d (webtiles) character file.

Game seed: 20211110 (custom seed)

1151 a11behringer the Spear-Bearer (level 8, 0/69 HPs)
             Began as a Minotaur Berserker on Nov 10, 2021.
             Was a Priest of Trog.
             Slain by an acid dragon (2 damage)
             ... on level 5 of the Dungeon.
             The game lasted 00:13:16 (4342 turns).

a11behringer the Spear-Bearer (Minotaur Berserker)  Turns: 4342, Time: 00:13:16

Health: 0/69       AC:  6    Str: 24    XL:     8   Next: 15%
Magic:  7/7        EV: 10    Int: 10    God:    Trog [***...]
Gold:   126        SH:  0    Dex: 10    Spells: 7/7 levels left

rFire   + + +      SeeInvis .   a - +0 spear
rCold   x . .      Faith    .   (no shield)
rNeg    . . .      Spirit   .   h - +0 fire dragon scales
rPois   .          Reflect  .   (helmet restricted)
rElec   .          Harm     .   (no cloak)
rCorr   .          Rampage  .   (no gloves)
Will    ++...                   (no boots)
Stlth   ..........              (no amulet)
HPRegen 1.21/turn               m - ring of protection from fire
MPRegen 0.10/turn               q - +6 ring of intelligence

@: strong-willed, corroded, on berserk cooldown, regenerating, slowed, very slow
A: horns 2, retaliatory headbutt
a: Renounce Religion, Berserk, Trog's Hand


You were on level 5 of the Dungeon.
You worshipped Trog.
Trog was most pleased with you.
You visited 1 branch of the dungeon, and saw 5 of its levels.

You collected 126 gold pieces.

Inventory:

Hand Weapons
 a - a +0 spear (weapon)
 i - a +0 bardiche
 n - a +0 glaive
 s - a +0 trident
 t - a +0 shortbow
Missiles
 k - 17 sling bullets
 l - 96 arrows
Armour
 b - a +0 animal skin
 d - a +1 leather armour
 h - +0 fire dragon scales (worn)
Jewellery
 m - a ring of protection from fire (left hand)
 q - a +6 ring of intelligence (right hand)
Wands
 u - a wand of mindburst (14)
Scrolls
 g - a scroll of enchant armour
 j - 2 scrolls of teleportation
 o - a scroll of immolation
 r - 2 scrolls of identify
Potions
 c - a potion of resistance
 e - 2 potions of flight
 f - a potion of ambrosia
 p - a potion of brilliance


   Skills:
 + Level 5.4 Fighting
 * Level 9.5 Polearms
 + Level 5.9 Armour
 + Level 3.6 Dodging


You had 7 spell levels left.
You didn't know any spells.
Your spell library was empty.

Dungeon Overview and Level Annotations

Branches:
Dungeon (5/15)             Temple (0/1) D:4

Altars:
Dithmenos
Hepliaklqana
Okawaru

Shops:
D:2 [   D:3 *

Annotations:
D:4 2 transporters, AlleluiaPinecone's ghost, novice DrBe


Innate Abilities, Weirdness & Mutations

You have a pair of horns on your head.
You reflexively headbutt those who attack you in melee.


Message History

a +0 short sword; a +1 dagger of venom; a +0 robe You are no longer berserk.
You are exhausted.
You feel yourself slow down.
Things that are here:
a +0 dagger; an orc corpse The sentinel's mark upon you fades away.
Your skin stops crawling.
You feel less strong-willed.
l - 96 arrows (gained 9)
Things that are here:
a +0 shortbow; a centaur corpse An acid dragon comes into view.
The acid dragon moves out of view.
Things that are here:
a +0 dagger; an orc corpse An acid dragon is nearby!
The acid dragon bites you but does no damage.
The acid dragon barely misses you. The acid dragon spits acid at you.
The splash of acid hits you!
Your skin crawls.
You feel strong-willed.
The acid dragon bites you but does no damage.
The acid dragon closely misses you.
You hit the acid dragon.
The acid dragon is lightly wounded.
The acid dragon spits acid at you. The splash of acid hits you!!
* * * LOW HITPOINT WARNING * * *
The acid corrodes you!
You barely miss the acid dragon.
The acid dragon is lightly wounded.
The acid dragon bites you!
* * * LOW HITPOINT WARNING * * *
The acid dragon misses you.
You barely miss the acid dragon.
You headbutt the acid dragon, but do no damage.
The acid dragon is lightly wounded.
The acid dragon bites you.
You die...

.... ..##........ #..##
....... #.... .......
#######... ####...#...
.....#...# #........#...
.........#..........#...
. #.......#....##......
#..##..D## .............
#......@)###.##.........
##.....))#...##.###...>.
#######..).....#....#..
#..............##. ##.
##.........###....
#....##....#..#####....
#..........#### #....#
##.........# ##...#
###.......# #####


You could see an acid dragon (catching breath).

Vanquished Creatures
  Edmund (D:5)
  An ogre (D:4)
  2 centaurs (D:5)
  A bullfrog (D:5)
  A wyvern zombie (D:5)
  A water moccasin zombie (D:5)
  A scorpion (D:5)
  2 howler monkeys (D:4)
  2 bullfrog zombies (D:5)
  3 orc priests (D:5)
  3 centaur skeletons
  2 iguanas
  2 orc wizards
  4 gnolls (D:5)
  2 adders
  A worm (D:3)
  4 dart slugs
  8 orcs
  7 bats
  2 endoplasms
  4 giant cockroaches
  2 goblins
  8 hobgoblins
  2 quokkas
  7 ball pythons
  6 frilled lizards
  5 kobolds
  3 rats
87 creatures vanquished.

Notes
Turn   | Place    | Note
-------+----------+-------------------------------------------
     0 | D:1      | a11behringer the Minotaur Berserker began the quest for the
                  | Orb.
     0 | D:1      | Reached XP level 1. HP: 19/19 MP: 0/0
   162 | D:1      | Reached skill level 4 in Polearms
   173 | D:1      | Reached XP level 2. HP: 27/27 MP: 1/1
   177 | D:1      | Found a faded altar of an unknown god.
   917 | D:2      | Found Erufutt's Antique Armour Shoppe.
   932 | D:2      | Reached XP level 3. HP: 5/33 MP: 2/2
   935 | D:2      | HP: 1/33 [poisoned by an adder]
  1423 | D:2      | Reached ** piety under Trog
  1829 | D:3      | Reached skill level 5 in Polearms
  2019 | D:3      | Reached XP level 4. HP: 40/40 MP: 3/3
  2051 | D:3      | Found Fuekhlaeq's General Store.
  2458 | D:4      | Found a shadowy altar of Dithmenos.
  2459 | D:4      | Found a hazy altar of Hepliaklqana.
  2460 | D:4      | Found an iron altar of Okawaru.
  2527 | D:4      | Found a transporter.
  2530 | D:4      | Noticed AlleluiaPinecone's ghost (novice DrBe)
  2560 | D:4      | Found a staircase to the Ecumenical Temple.
  2646 | D:4      | Reached skill level 6 in Polearms
  2646 | D:4      | Reached XP level 5. HP: 41/46 MP: 4/4
  2856 | D:4      | Found a transporter.
  2896 | D:4      | Reached XP level 6. HP: 51/53 MP: 5/5
  3113 | D:4      | Reached skill level 7 in Polearms
  3519 | D:5      | Entered Level 5 of the Dungeon
  3683 | D:5      | Noticed Edmund
  3692 | D:5      | Killed Edmund
  3693 | D:5      | Reached XP level 7. HP: 60/60 MP: 6/6
  3695 | D:5      | Reached skill level 8 in Polearms
  3794 | D:5      | Reached skill level 5 in Fighting
  3794 | D:5      | Reached skill level 5 in Armour
  4054 | D:5      | Reached skill level 9 in Polearms
  4066 | D:5      | Reached *** piety under Trog
  4313 | D:5      | Reached XP level 8. HP: 35/68 MP: 7/7
  4341 | D:5      | HP: 1/69 [acid dragon (11)]
  4342 | D:5      | Slain by an acid dragon

Illustrated notes

Levels and vault maps discovered:
D:1:      saegor_arrival_miasma, layout_loops_corners, basic_ecumenical_altar,
          hangedman_decor_diamond_cutter, kennysheep_minor_cross
D:2:      layout_rooms, serial_shops, shop_fountains, kennysheep_nondescript,
          kennysheep_generic_room_4
D:3:      layout_basic, serial_shops, shop,
          hangedman_abyss_or_decor_lesser_grid, minmay_misc_feat_more_columns
D:4:      layout_basic, grunt_temple_overflow_open, minmay_temple_entry_trees,
          gammafunk_ghost_mausoleum, minmay_tree_intersection
D:5:      layout_cave_pools, uniq_edmund

Skill      XL: |  1  2  3  4  5  6  7 |
---------------+----------------------+-----
Polearms       | 4 5 6 7 9 |  9.5
Fighting       | 4 5 |  5.4
Armour         | 3 4 5 |  5.9
Dodging        | 3 |  3.6

Action                   |  1- 3 |  4- 6 |  7- 9 || total
-------------------------+-------+-------+-------++-------
Melee: Spear             |    90 |    76 |    71 ||   237
       Headbutt          |    11 |    19 |    12 ||    42
Invok: Berserk           |       |     3 |     3 ||     6
       Trog's Hand       |       |     2 |     3 ||     5
  Use: Scroll            |     5 |     2 |     2 ||     9
       Potion            |     1 |       |       ||     1
Armor: Animal skin       |     3 |       |       ||     3
       Leather armour    |    14 |       |       ||    14
       Fire dragon scale |    15 |    34 |    33 ||    82
Dodge: Dodged            |    63 |    36 |    49 ||   148

Table legend: (Time is in decaauts)
 A = Elapsed time spent in this place.
 B = Non-inter-level travel time spent in this place.
 C = Inter-level travel time spent in this place.
 D = Time resting spent in this place.
 E = Time spent auto-exploring this place.
 F = Levels seen in this place.
 G = Mean time per level.
                   A        B        C        D        E       F      G
               +--------+--------+--------+--------+--------+-----+--------+
         Total |   4336 |   3783 |    553 |      0 |   3255 |   5 |  867.2 |
       Dungeon |   4336 |   3783 |    553 |      0 |   3255 |   5 |  867.2 |
               +--------+--------+--------+--------+--------+-----+--------+

Top non-repeatable levels by time:
     D:1: 1199 daAuts
     D:4: 1103 daAuts
     D:5: 831 daAuts
     D:2: 605 daAuts
     D:3: 596 daAuts
